 Dungeon Crawl Stone Soup version 0.22-a0-460-g49b1da7e92 (webtiles) character file.

1565 Oravi the Zephyrmancer (level 8, -5/41 HPs)
             Began as a Tengu Air Elementalist on June 9, 2018.
             Was an Initiate of Vehumet.
             Slain by a wyvern (13 damage)
             ... on level 7 of the Dungeon.
             The game lasted 00:30:45 (8923 turns).

Oravi the Zephyrmancer (Tengu Air Elementalist)     Turns: 8923, Time: 00:30:48

Health: -5/41      AC:  3    Str:  9    XL:     8   Next: 89%
Magic:  7/17       EV: 12    Int: 18    God:    Vehumet [......]
Gold:   660        SH:  6    Dex: 14    Spells: 3/18 levels left

rFire    + . .     SeeInvis .   l - +2 hand axe (chop)
rCold    . . .     Gourm    .   b - +1 buckler {rN+}
rNeg     + . .     Faith    .   a - +0 robe
rPois    .         Spirit   .   (helmet restricted)
rElec    .         Reflect  .   (no cloak)
rCorr    .         Harm     .   o - +0 pair of gloves
MR       .....                  (boots unavailable)
Stlth    ++........             (no amulet)
HPRegen  0.13/turn              p - ring of protection from fire
MPRegen  0.15/turn              (no ring)

@: no status effects
A: beak, talons 3, able to fly 1
a: Fly, Renounce Religion


You were on level 7 of the Dungeon.
You worshipped Vehumet.
Vehumet was noncommittal.
You were not hungry.

You visited 2 branches of the dungeon, and saw 8 of its levels.
You also visited: Ossuary.

You collected 660 gold pieces.

Inventory:

Hand Weapons
 k - a +0 short sword
 l - a +2 hand axe of chopping (weapon)
 v - a +0 dagger of venom
Missiles
 d - 256 stones (quivered)
Armour
 a - a +0 robe (worn)
 b - a +1 buckler of positive energy (worn)
 f - a +0 shield
 o - a +0 pair of gloves (worn)
Jewellery
 p - a ring of protection from fire (left hand)
Wands
 n - a wand of digging (14)
Scrolls
 g - 3 scrolls of teleportation
 h - a scroll of blinking
 i - a scroll of identify
 j - 3 scrolls of fear
Potions
 e - 4 potions of curing
 m - 2 potions of brilliance
 q - 2 potions of lignification
 s - 3 potions of berserk rage
 t - 2 potions of heal wounds
 u - 3 potions of agility
 w - 2 potions of ambrosia
 z - a potion of flight
 A - a potion of mutation {unknown}
 B - a potion of magic
 C - a potion of haste {unknown}
 D - a potion of might
Comestibles
 c - 4 rations
 r - 4 chunks of flesh


   Skills:
 - Level 2.1 Dodging
 - Level 2.0 Stealth
 - Level 4.0 Shields
 + Level 5.6 Spellcasting
 + Level 7.5 Conjurations
 + Level 8.5 Air Magic


You had 3 spell levels left.
You knew the following spells:

 Your Spells              Type           Power        Failure   Level  Hunger
a - Shock                 Conj/Air       ####         1%          1    None
b - Swiftness             Chrm/Air       ###.....     3%          2    None
c - Static Discharge      Conj/Air       ####....     1%          3    ##.....
d - Airstrike             Air            #####.....   3%          4    ####...
e - Lightning Bolt        Conj/Air       ####......   13%         5    #####..

Your spell library contained the following spells:

 Spells                   Type           Power        Failure   Level  Hunger


Dungeon Overview and Level Annotations

Branches:
Dungeon (7/15)             Temple (1/1) D:6

Altars:
Ashenzari
Cheibriados
Dithmenos
Elyvilon
Fedhas
Gozag
Hepliaklqana
Kikubaaqudgha
Nemelex Xobeh
Okawaru
Qazlal
Ru
Sif Muna
Trog
Uskayaw
Vehumet
Wu Jian
Xom
Yredelemnul
Zin

Shops:
D:4 %

Annotations:
D:3 fly cloud


Innate Abilities, Weirdness & Mutations

You have a beak for a mouth.
You have claws for feet.
You can fly.


Message History

You are too injured to fight recklessly!
You are too injured to fight recklessly!
Casting: Shock (safe; 1% risk of failure)
Confirm with . or Enter, or press ? or * to list all spells.
Aiming: Shock (safe; 1% risk of failure)
Press: ? - help, Shift-Dir - straight line, f/p - wyvern
Aim: a wyvern (severely wounded)
The zap hits the wyvern.
The wyvern appears unharmed.
The wyvern is severely wounded.
The wyvern bites you!
* * * LOW HITPOINT WARNING * * *
You block the wyvern's attack.
Casting: Shock (safe; 1% risk of failure)
Confirm with . or Enter, or press ? or * to list all spells.
The wyvern is struck by lightning.
The wyvern is severely wounded.
The lightning arcs!
You are struck by lightning.
* * * LOW HITPOINT WARNING * * *
The lightning grounds out.
The wyvern bites you!
You die...

#.#####.####.#
#............#
#######.######
#.# #.# #.#
#.# #.###
#.@.# ###l# .#
.# G# .# .# .#


You could see an eye of draining and a wyvern.

Vanquished Creatures
  A black bear (D:7)
  2 centaurs
  An ogre (D:4)
  A bullfrog (D:6)
  A scorpion (D:4)
  5 crimson imps
  A centaur zombie (D:5)
  4 hounds
  An orc priest (D:5)
  A centaur skeleton (D:6)
  6 orc wizards
  An iguana (D:4)
  5 worker ants
  A hound zombie (D:6)
  8 mummies (Ossuary)
  A worker ant zombie (D:6)
  12 adders
  A shadow imp (D:5)
  6 oozes
  11 worms
  2 dart slugs
  3 leopard geckos
  20 orcs
  5 ball pythons
  2 giant cockroaches
  8 goblins
  9 hobgoblins
  2 jackals (D:1)
  12 kobolds
  6 quokkas
  7 bats
  5 frilled lizards
  3 gnoll zombies (Ossuary)
  3 hobgoblin zombies (Ossuary)
  A kobold zombie (Ossuary)
  2 leopard gecko skeletons (D:4)
  An orc zombie (Ossuary)
  2 quokka skeletons
  7 rats
170 creatures vanquished.

Notes
Turn   | Place    | Note
-------+----------+-------------------------------------------
     0 | D:1      | Oravi the Tengu Air Elementalist began the quest for the Orb.
     0 | D:1      | Reached XP level 1. HP: 10/10 MP: 4/4
   197 | D:1      | Reached XP level 2. HP: 15/15 MP: 3/6
   485 | D:1      | Reached XP level 3. HP: 19/19 MP: 0/7
   489 | D:1      | Learned a level 2 spell: Swiftness
   493 | D:1      | Learned a level 3 spell: Static Discharge
  1165 | D:2      | Reached XP level 4. HP: 24/24 MP: 5/9
  1505 | D:2      | Reached skill level 5 in Air Magic
  2104 | D:2      | Reached skill level 1 in Shields
  2411 | D:3      | Gained mutation: You can fly. [Tengu growth]
  2411 | D:3      | Reached XP level 5. HP: 25/28 MP: 1/10
  3073 | D:3      | Noticed a centaur
  3089 | D:3      | Killed a centaur
  3089 | D:3      | Reached XP level 6. HP: 12/32 MP: 1/12
  4062 | D:4      | Noticed an air elemental
  4068 | D:4      | Found a stormy altar of Qazlal.
  4073 | D:4      | Noticed a fire elemental
  4077 | D:4      | Noticed a water elemental
  4148 | D:4      | Reached skill level 6 in Air Magic
  4863 | D:4      | Reached XP level 7. HP: 36/36 MP: 6/13
  5154 | D:4      | Found Igienn's Food Shop.
  5161 | D:4      | Reached skill level 5 in Conjurations
  5233 | D:4      | Found an ornate altar of the Wu Jian Council.
  5427 | D:5      | Entered Level 5 of the Dungeon
  6043 | D:5      | Reached skill level 7 in Air Magic
  6167 | D:5      | Learned a level 4 spell: Airstrike
  6210 | D:5      | Reached XP level 8. HP: 41/41 MP: 11/15
  6927 | D:6      | Found a sand-covered staircase.
  6995 | Ossuary  | Entered an ossuary
  7068 | Ossuary  | Reached skill level 5 in Spellcasting
  7223 | Ossuary  | Learned a level 5 spell: Lightning Bolt
  7862 | D:6      | Found a staircase to the Ecumenical Temple.
  7920 | Temple   | Entered the Ecumenical Temple
  8021 | Temple   | Became a worshipper of Vehumet
  8325 | D:6      | Reached skill level 8 in Air Magic
  8840 | D:7      | Found a basalt altar of Yredelemnul.
  8917 | D:7      | Noticed a wyvern
  8923 | D:7      | Slain by a wyvern

Vault maps used:
D:1:      dpeg_arrival_shelter
D:2:      minmay_tetromino_l2
D:3:      serial_corexii_hall, corexii_hall_statues_l,
          corexii_hall_statues_deadend, minmay_misc_feat_chi,
          lemuel_another_geyser
D:4:      kennysheep_little_box, serial_shops, shop, first_ration,
          nicolae_qazlal_style_of_elements
D:6:      minmay_temple_entry_crystal_x, enter_ossuary_5,
          minmay_misc_feat_doors, kennysheep_nondescript, dk_noncrumbling_3
D:7:      kennysheep_mini_moat, basic_altar
Temple:   hc_temple_tempest_star
Ossuary:  ossuary_tomb_3

Skill      XL: |  1  2  3  4  5  6  7  8 |
---------------+-------------------------+-----
Conjurations   | 2 3 4 5 7 |  7.5
Air Magic      | 5 6 7 8 |  8.5
Shields        | 1 2 3 4 |  4.0
Spellcasting   | 3 4 5 |  5.6
Dodging        | |  2.1
Stealth        | |  2.0

Action                   |  1- 3 |  4- 6 |  7- 9 || total
-------------------------+-------+-------+-------++-------
Melee: Unarmed           |    15 |       |       ||    15
       Kick              |     4 |     6 |     3 ||    13
       Short sword       |     1 |    18 |       ||    19
       Peck              |       |     3 |     3 ||     6
       Dagger            |       |       |     5 ||     5
       Hand axe          |       |       |    18 ||    18
Throw: Stone             |    11 |     5 |     5 ||    21
 Cast: Shock             |    63 |   197 |   213 ||   473
       Static Discharge  |       |     7 |     8 ||    15
 Abil: Fly               |       |     1 |       ||     1
  Use: Potion            |       |     6 |       ||     6
       Scroll            |       |       |    17 ||    17
  Eat: Chunk             |     1 |    13 |     6 ||    20
       Ration            |       |       |     2 ||     2
Armor: Robe              |     9 |     3 |     3 ||    15
Dodge: Dodged            |    19 |    37 |    29 ||    85
Block: Buckler           |       |     1 |    10 ||    11

Table legend:
 A = Spawn XP
 B = Non-spawn XP
 C = Spawn XP percentage of total XP
 D = Spawn monster count
 E = Non-spawn monster count
 F = Spawn count percentage of total count
 G = Total turns spent on level
                    A         B        C        D         E        F      G
               +---------+---------+-------+---------+---------+-------+---------
         Total |       0 |    2236 |   0.0 |       0 |     170 |   0.0 |  8923
               +---------+---------+-------+---------+---------+-------+---------
           D:1 |       0 |      39 |   0.0 |       0 |      19 |   0.0 |   716
           D:2 |       0 |     123 |   0.0 |       0 |      34 |   0.0 |  1673
           D:3 |       0 |     264 |   0.0 |       0 |      34 |   0.0 |  1940
           D:4 |       0 |     424 |   0.0 |       0 |      20 |   0.0 |  1556
           D:5 |       0 |     511 |   0.0 |       0 |      21 |   0.0 |   816
           D:6 |       0 |     506 |   0.0 |       0 |      21 |   0.0 |  1020
           D:7 |       0 |     215 |   0.0 |       0 |       5 |   0.0 |   145
       Ossuary |       0 |     154 |   0.0 |       0 |      16 |   0.0 |   698
               +---------+---------+-------+---------+---------+-------+---------
